 Dungeon Crawl Stone Soup version 0.31.0-9-g3a7656b989 (webtiles) character file.

Game seed: 18198989053262000214

95370 Kenran the Severer (level 16, -17/104 HPs)
             Began as a Gargoyle Berserker on Jan 27, 2024.
             Was a High Priest of Trog.
             Demolished by an orc warlord
             ... wielding a +0 broad axe
              (41 damage)
             ... on level 2 of the Orcish Mines.
             The game lasted 00:44:02 (22406 turns).

Kenran the Severer (Gargoyle Berserker)            Turns: 22406, Time: 00:44:02

Health: -17/104    AC: 40    Str: 27    XL:     16   Next: 14%
Magic:  16/16      EV: 14    Int:  7    God:    Trog [*****.]
Gold:   1998       SH:  0    Dex: 14    Spells: 15/15 levels left

rFire   + + .        a - +10 battleaxe "Ycoipyin" {freeze, Fly rF+ Stlth+}
rCold   + . .        (shield currently unavailable)
rNeg    + + +        C - +0 plate armour of Parsimonious Fun {Rampage rC+ SInv}
rPois   ∞            t - +3 helmet "Niuguim" {rN++ Regen+ rCorr Int-3 Stlth-}
rElec   +            B - +1 cloak
rCorr   +            I - +2 pair of gloves "Himoal" {Dex+5}
SInv    +            e - +0 pair of boots
Will    +....        (no amulet) Stlth
                     d - ring of protection from fire
HPRegen 1.17/turn    T - +5 ring of evasion
MPRegen 0.15/turn

%: rampage
@: flying, studying Maces & Flails
A: sickness immunity, AC +12, big wings, negative energy resistance 1,
electricity resistance, torment resistance 1, petrification resistance
a: Renounce Religion, Berserk, Trog's Hand, Brothers in Arms


You were on level 2 of the Orcish Mines.
You worshipped Trog.
Trog was extremely pleased with you.
You visited 3 branches of the dungeon, and saw 22 of its levels.
You visited 1 bazaar.
You also visited: Volcano.

You collected 2676 gold pieces.
You spent 678 gold pieces at shops.

Inventory:

Hand Weapons
 a - the +10 battleaxe "Ycoipyin" (weapon) {freeze, Fly rF+ Stlth+}
   (You acquired it on level 10 of the Dungeon)

   rF+:       It protects you from fire.
   Fly:       It grants you flight.
   Stlth+:    It makes you more stealthy.
 b - a +3 battleaxe of flaming
 K - a +1 whip of draining
Missiles
 r - 48 poisoned darts
 E - a throwing net (quivered)
Armour
 e - a +0 pair of boots (worn)
 t - the +3 helmet "Niuguim" (worn) {rN++ Regen+ rCorr Int-3 Stlth-}
   (You bought it in a shop in a bazaar)

   Int-3:     It affects your intelligence (-3).
   rN++:      It greatly protects you from negative energy.
   Regen+:    It increases your rate of health regeneration.
   rCorr:     It protects you from acid and corrosion.
   Stlth-:    It makes you less stealthy.
 B - a +1 cloak (worn)
 C - the +0 plate armour of Parsimonious Fun (worn) {Rampage rC+ SInv}
   (You found it on level 7 of the Dungeon)

   rC+:       It protects you from cold.
   SInv:      It lets you see invisible.
   Rampage:   It bestows one free step when moving towards enemies.
 I - the +2 pair of gloves "Himoal" (worn) {Dex+5}
   (You acquired it on level 10 of the Dungeon)

   Dex+5:     It affects your dexterity (+5).
 N - a +2 plate armour of fire resistance
Jewellery
 d - a ring of protection from fire (left hand)
 p - a +6 ring of dexterity
 x - a ring of see invisible
 J - a ring of ice
 T - a +5 ring of evasion (right hand)
 U - a ring of willpower
 W - an amulet of magic regeneration
Wands
 g - a wand of quicksilver (4)
 i - a wand of roots (7)
 F - a wand of digging (3)
 G - a wand of polymorph (3)
 H - a wand of mindburst (11)
 R - a wand of charming (1)
Scrolls
 h - 8 scrolls of vulnerability {!r}
 j - a scroll of blinking
 l - 3 scrolls of poison
 m - 4 scrolls of enchant weapon
 q - 3 scrolls of enchant armour
 s - a scroll of summoning
 u - 6 scrolls of fog
 y - 7 scrolls of immolation {!r}
 z - 6 scrolls of teleportation
 O - 3 scrolls of fear
Potions
 c - 3 potions of haste
 f - 3 potions of heal wounds {@q2}
 k - 4 potions of resistance
 n - 8 potions of curing {@q1}
 o - 5 potions of cancellation
 v - 3 potions of brilliance {unknown}
 w - 2 potions of ambrosia {unknown}
 A - a potion of mutation {!q}
 D - a potion of berserk rage {unknown}
 L - 3 potions of invisibility {unknown}
 M - a potion of enlightenment {unknown}
 P - a potion of lignification {!q}
 Q - a potion of attraction {unknown}
 S - a potion of might {unknown}
Miscellaneous
 X - a box of beasts


   Skills:
 + Level 13.3 Fighting
 - Level 20.0 Axes
 + Level 13.3 Armour
 - Level 2.0 Dodging
 + Level 6.5 Evocations


You had 15 spell levels left.
You didn't know any spells.
Your spell library was empty.

Dungeon Overview and Level Annotations

Branches:
Dungeon (15/15)            Temple (0/1) D:7            Lair (5/5) D:9
 Shoals (0/4) Lair:2       Spider (0/4) Lair:3        Slime (0/5) Lair:4
    Orc (2/2) D:10            Elf (0/3) Orc:2        Vaults (0/5) D:13
 Depths (0/4) D:15        Volcano (visited)

Altars:
Ashenzari
Cheibriados
Elyvilon
Fedhas
Gozag
Hepliaklqana
Kikubaaqudgha
Okawaru
Vehumet
Xom
Yredelemnul
Zin

Shops:
D:10 *=*

Annotations:
D:3 exclusion: downstairs
D:15 Roxanne


Innate Abilities, Weirdness & Mutations

You are immune to sickness and miasma.
Your stone body is resilient. (AC +12)
You are immune to poison.
Your large and strong wings let you fly.
You resist negative energy. (rN+)
You are resistant to electric shocks. (rElec)
You are resistant to unholy torment.
You are immune to petrification.


Message History

The bolt of fire misses you.
The orc warlord roars a battlecry!
The orc warlord goes into a battle-frenzy!
The warg bites you but does no damage. The warg attacks as it pursues you!
The warg bites you but does no damage.
Things that are here:
a +0 leather armour; a +1 falchion of electrocution; an orc corpse The warg bites you but does no damage.
There is a stone staircase leading up here.
You hit the warg. You freeze the warg.
The warg is moderately wounded.
The warg closely misses you.
The orc high priest utters an invocation to Beogh.
You hear a shout!
You slice the warg!! You freeze the warg.
You kill the warg!
Trog accepts your kill.
You hear a shout! x2
The orc wizard no longer looks unusually strong.
The orc warlord roars a battlecry!
The orc wizard goes into a battle-frenzy!
You rampage towards the orc priest!
An orc warrior comes into view. It is wielding a +0 mace.
You slice the orc priest!! You freeze the orc priest.
You kill the orc priest!
Trog accepts your kill.
You hit the orc warlord. You freeze the orc warlord.
You slash the two-headed ogre! You freeze the two-headed ogre.
The orc priest calls down the wrath of Beogh upon you.
Beogh smites you!
The two-headed ogre hits you but does no damage.
The two-headed ogre closely misses you.
The orc warlord hits you with a +0 broad axe!!
The orc high priest invokes the aid of Beogh against you.
Beogh smites you!
The orc priest calls down the wrath of Beogh upon you.
Beogh smites you!
* * * LOW HITPOINT WARNING * * *
The orc warlord hits you with a +0 broad axe!!!
You die...

####............>).............
#####.......)...................
##.##........).....$.............
#...............................«
##.##........................#...
######.#..##....................
####..)..##...##........#.##...
#####.#).#...o[#.........###...
#######))....o@...........##...
#######)).o.oO))....)......##.#
######.)).o.o.......[)<........
**≣≣##≣.....≣#.≣≣≣≣#.........#...
*∩.≣≣#≣..oO.≣.≣≣.∩≣.....##....#.#
*,,,**≣8.oo8≣≣*,,,≣....##....####
**,,,*≣.....≣*,,,*≣#.###....##
***,,,≣..o..≣,,,** ####.....##
,***,,O......,,** ##.....#


You could see 2 orc warlords, an orc high priest (strong), 2 two-headed ogres,
an orc sorcerer (strong), an orc warrior (strong), an orc priest (strong), an
orc wizard (strong, invisible) and an orc (strong).

Vanquished Creatures
  An ironbound preserver (D:13)
  2 dire elephants (Lair:5)
  An ettin (D:14)
  A great orb of eyes (D:13)
  Harold (D:9)
  An ice dragon (Lair:5)
  3 hydras
  An entropy weaver (shapeshifter) (D:14)
  7 centaur warriors
  A rakshasa (D:15)
  2 catoblepae (Lair:5)
  A death knight (D:15)
  3 two-headed ogres
  The ghost of GriffinBr the Cleaver, a novice MiBe of Trog (D:8)
  5 death yaks (Lair:4)
  4 boulder beetles
  Urug (D:13)
  4 tengu warriors
  Nergalle (Lair:2)
  Amaemon (Lair:1)
  2 skysharks
  The ghost of HourglassMan the Slasher, a novice DsWn of Yredelemnul (D:7)
  6 skeletal warriors
  A deep troll (D:15)
  2 arcanists (D:13)
  A swamp dragon (Lair:5)
  3 lindwurms
  A phantasmal warrior (D:15)
  2 orc knights
  2 deep elf pyromancers
  5 cyclopes
  An oklob plant (D:7)
  15 ugly things
  3 manticores
  2 elephants (Lair:2)
  An orange demon (Lair:1)
  A molten gargoyle (Volcano)
  A gargoyle (D:12)
  8 black mambas
  A cane toad (shapeshifter) (D:15)
  A yaktaur (D:15)
  7 cane toads
  An unseen horror zombie (D:9)
  An unseen horror (D:11)
  Psyche (D:8)
  A kobold demonologist (D:9)
  12 komodo dragons
  6 rime drakes
  5 tengu conjurers
  3 efreet
  A freezing wraith (D:15)
  10 trolls
  A polar bear (Lair:5)
  A hornet (D:11)
  A snapping turtle (Lair:2)
  25 blink frogs
  10 dream sheep
  3 shadows
  8 slime creatures (D:12)
  A jumping spider (Lair:3)
  A centaur simulacrum (D:15)
  Sigmund (D:6)
  A vampire (D:12)
  3 wyverns
  3 wraiths
  2 fire elementals (Volcano)
  A water elemental (Lair:2)
  40 yaks
  6 steam dragons
  3 basilisks
  18 vampire mosquitoes
  A redback (Lair:5)
  3 wargs (Orc:2)
  An acid dragon (Lair:5)
  14 orc warriors
  11 water moccasins
  An ice beast (D:7)
  An ice beast (shapeshifter) (D:15)
  3 swamp drakes (Lair:5)
  6 black bears
  A sky beast (D:6)
  10 laughing skulls (D:14)
  11 wolves
  8 ogres
  8 centaurs
  5 kobold brigands
  2 phantoms
  5 earth elementals (Volcano)
  12 bullfrogs
  A bullfrog (shapeshifter) (D:14)
  A gnoll sergeant (D:10)
  A scorpion (D:7)
  8 wights
  13 killer bees
  A killer bee (shapeshifter) (D:14)
  A vampire bat (D:8)
  5 electric eels
  A gnoll bouda (D:8)
  A centaur zombie (D:9)
  5 jellies
  A bombardier beetle (D:7)
  13 orc priests
  11 hounds
  2 sleepcaps
  9 iguanas
  15 orc wizards
  A hell rat (Lair:5)
  Robin (D:2)
  17 gnolls
  7 adders
  A shadow imp (D:6)
  7 ufetubi
  A ribbon worm (D:5)
  2 dart slugs
  45 orcs
  6 ball pythons
  5 bats
  A bat skeleton (D:8)
  5 bat zombies (D:8)
  10 endoplasms
  4 giant cockroaches
  28 goblins
  28 hobgoblins
  A jackal (D:1)
  4 quokkas
  29 kobolds
  A rat (D:1)
675 creatures vanquished.

Vanquished Creatures (collateral kills)
  Fannar (Lair:2)
  4 elephants (Lair:2)
  2 blink frogs (Lair:2)
7 creatures vanquished.

Vanquished Creatures (others)
  An orc wizard (D:9)
  An ufetubus (D:6)
  An orc (Orc:2)
3 creatures vanquished.

Grand Total: 685 creatures vanquished

Notes
Turn   | Place    | Note
-------+----------+-------------------------------------------
     0 | D:1      | Kenran the Gargoyle Berserker began the quest for the Orb.
     0 | D:1      | Reached XP level 1. HP: 14/14 MP: 1/1
    43 | D:1      | Reached skill level 3 in Axes
   116 | D:1      | Found a faded altar of an unknown god.
   128 | D:1      | Reached XP level 2. HP: 9/19 MP: 2/2
   516 | D:1      | Reached XP level 3. HP: 19/23 MP: 3/3
   667 | D:1      | Reached ** piety under Trog
  1005 | D:2      | Reached skill level 4 in Axes
  1022 | D:2      | Noticed Robin
  1030 | D:2      | Killed Robin
  1031 | D:2      | Reached XP level 4. HP: 25/28 MP: 4/4
  2198 | D:4      | Noticed a phantom
  2199 | D:4      | Noticed an ogre
  2226 | D:3      | Killed a phantom
  2227 | D:3      | Reached skill level 5 in Axes
  2227 | D:3      | Reached XP level 5. HP: 30/32 MP: 5/5
  2251 | D:4      | Noticed a kobold brigand
  2295 | D:4      | Identified the +3 sling "Orulalir" {drain, rF+ MP+9 Stlth+}
  2782 | D:4      | Killed a kobold brigand
  2783 | D:4      | Reached skill level 6 in Axes
  2783 | D:4      | Reached XP level 6. HP: 19/37 MP: 6/6
  3145 | D:5      | Entered Level 5 of the Dungeon
  3172 | D:4      | Reached skill level 7 in Axes
  3172 | D:4      | Reached XP level 7. HP: 41/41 MP: 7/7
  3389 | D:5      | Found an iron altar of Okawaru.
  3730 | D:5      | Reached skill level 8 in Axes
  3857 | D:4      | Reached *** piety under Trog
  4189 | D:5      | Reached XP level 8. HP: 35/46 MP: 8/8
  4566 | D:5      | Reached skill level 9 in Axes
  4759 | D:5      | Reached **** piety under Trog
  5219 | D:6      | Noticed Sigmund
  5381 | D:5      | Reached skill level 10 in Axes
  5438 | D:6      | Killed Sigmund
  5439 | D:6      | Reached skill level 5 in Fighting
  5627 | D:6      | Reached XP level 9. HP: 38/55 MP: 9/9
  5902 | D:6      | Reached skill level 1 in Evocations
  6203 | D:7      | Found a staircase to the Ecumenical Temple.
  6505 | D:7      | Reached skill level 5 in Armour
  6515 | D:7      | Found a transporter.
  6531 | D:7      | Noticed a boulder beetle
  6594 | D:7      | Noticed HourglassMan's ghost (novice DsWn)
  6595 | D:7      | Noticed an oklob plant
  6602 | D:7      | Reached ***** piety under Trog
  6613 | D:7      | Found a transporter.
  6773 | D:7      | Identified the +0 plate armour of Parsimonious Fun {Rampage
                  | rC+ SInv}
  6967 | D:8      | Reached skill level 11 in Axes
  7023 | D:8      | Noticed Psyche
  7038 | D:8      | Killed Psyche
  7039 | D:8      | Reached XP level 10. HP: 49/60 MP: 6/10
  7100 | D:8      | Identified the blade talisman of the Harp {rF+ rC+ rCorr
                  | Str-3}
  7256 | D:8      | Found a transporter.
  7257 | D:8      | Noticed a white ugly thing
  7257 | D:8      | Noticed GriffinBr's ghost (novice MiBe)
  7258 | D:8      | Found a transporter.
  7429 | D:8      | Found a hazy altar of Hepliaklqana.
  7429 | D:8      | Found a shimmering altar of Xom.
  7616 | D:8      | Found an opulent altar of Gozag.
  7618 | D:8      | Found a snail-covered altar of Cheibriados.
  7620 | D:8      | Found a broken altar of Ashenzari.
  7758 | D:8      | Found an ancient bone altar of Kikubaaqudgha.
  7876 | D:8      | Reached skill level 12 in Axes
  8077 | D:9      | Found a staircase to the Lair.
  8304 | D:9      | Noticed Harold
  8308 | D:9      | Noticed a kobold demonologist
  8320 | D:9      | Killed Harold
  8323 | D:9      | Killed a kobold demonologist
  8587 | D:9      | Reached XP level 11. HP: 65/68 MP: 11/11
  8929 | D:9      | Found a basalt altar of Yredelemnul.
  9028 | D:10     | Entered Level 10 of the Dungeon
  9059 | D:10     | Received a gift from Trog
  9212 | D:10     | Found Agipoexesy's Assorted Antiques.
  9259 | D:10     | Bought a scroll labelled TULEUK JEQINE for 32 gold pieces
  9295 | D:10     | Noticed a centaur warrior
  9306 | D:10     | Killed a centaur warrior
  9307 | D:10     | Reached skill level 13 in Axes
  9417 | D:10     | Found a staircase to the Orcish Mines.
  9426 | D:10     | Noticed a boulder beetle
  9452 | D:10     | Killed a boulder beetle
  9719 | D:10     | Found Xoipaoba's Jewellery Emporium.
  9768 | D:10     | Identified 3 scrolls of acquirement
  9769 | D:10     | Acquired the +2 pair of gloves "Himoal" {Dex+5}
  9779 | D:10     | Acquired the +10 battleaxe "Ycoipyin" {freeze, Fly rF+
                  | Stlth+}
  9783 | D:10     | Acquired a +3 antimagic executioner's axe
  9808 | D:10     | Found Arenoph's CLEARANCE SALE!.
 10106 | D:10     | Found a blossoming altar of Fedhas.
 10106 | D:10     | Found a white marble altar of Elyvilon.
 10755 | D:11     | Noticed a cyclops
 10768 | D:11     | Killed a cyclops
 10942 | D:11     | Reached skill level 14 in Axes
 11185 | D:11     | Noticed a two-headed ogre
 11209 | D:11     | Killed a two-headed ogre
 11210 | D:11     | Reached XP level 12. HP: 75/75 MP: 12/12
 11627 | Lair:1   | Entered Level 1 of the Lair of Beasts
 11911 | Lair:1   | Received a gift from Trog
 12544 | Lair:1   | Noticed Amaemon
 12564 | Lair:1   | Killed Amaemon
 12918 | Lair:2   | Noticed Fannar
 12934 | Lair:2   | Reached skill level 15 in Axes
 12934 | Lair:2   | Killed Fannar
 12950 | Lair:2   | Reached skill level 10 in Fighting
 12951 | Lair:2   | Reached skill level 10 in Armour
 13164 | Lair:2   | Identified the +3 robe "Ifisump" {rPois rN++ MP+9 Stlth-}
 13193 | Lair:2   | Reached XP level 13. HP: 82/82 MP: 13/13
 13344 | Lair:2   | Noticed Nergalle
 13351 | Lair:2   | Reached skill level 16 in Axes
 13353 | Lair:2   | Killed Nergalle
 13378 | Lair:2   | Identified the +3 scale mail of Zuopamal {Slay+2}
 13678 | Lair:2   | Found a staircase to the Shoals.
 14275 | Lair:3   | Found a hole to the Spider Nest.
 15062 | Lair:4   | Received a gift from Trog
 15142 | Lair:4   | Found a staircase to the Slime Pits.
 15588 | Lair:5   | Entered Level 5 of the Lair of Beasts
 15736 | Lair:5   | Gained mutation: Your large and strong wings let you fly.
                  | [Gargoyle growth]
 15736 | Lair:5   | Reached XP level 14. HP: 91/91 MP: 14/14
 15767 | Lair:5   | Found a dark tunnel.
 15776 | Volcano  | Entered a volcano
 16267 | Lair:5   | Reached skill level 17 in Axes
 16596 | Lair:5   | Received a gift from Trog
 16801 | Lair:5   | Noticed a dire elephant
 16820 | Lair:5   | Killed a dire elephant
 17344 | Lair:5   | Reached skill level 18 in Axes
 17475 | Lair:5   | Noticed a dire elephant
 17490 | Lair:5   | Killed a dire elephant
 17531 | Lair:5   | Identified the +0 plate armour of Wamiko Voduf {Will+}
 17761 | D:12     | Received a gift from Trog
 18445 | D:12     | Reached skill level 19 in Axes
 18647 | D:13     | Reached XP level 15. HP: 92/96 MP: 15/15
 18656 | D:13     | Found a gate to the Vaults.
 18685 | D:13     | Found a flickering gateway to a bazaar.
 18694 | Bazaar   | Entered a bazaar
 18715 | Bazaar   | Found Parurita's Antique Weapon Shoppe.
 18731 | Bazaar   | Found Raleyl's Jewellery Shoppe.
 18747 | Bazaar   | Found Uzozi's Distillery.
 18747 | Bazaar   | Found Mirish's Antique Armour Shoppe.
 18752 | Bazaar   | Bought a potion of curing for 39 gold pieces
 18752 | Bazaar   | Bought a potion of heal wounds for 65 gold pieces
 18752 | Bazaar   | Bought a potion of curing for 39 gold pieces
 18828 | Bazaar   | Bought an ichor-stained helmet for 399 gold pieces
 18828 | Bazaar   | Identified the +3 helmet "Niuguim" {rN++ Regen+ rCorr Int-3
                  | Stlth-} (You bought it in a shop in a bazaar)
 18847 | Bazaar   | Bought a potion of cancellation for 104 gold pieces
 18972 | D:13     | Noticed Urug
 18977 | D:13     | Killed Urug
 19740 | D:14     | Found the +3 giant club "Skullcrusher" {speed, Str+7}
 20154 | D:14     | Reached skill level 5 in Evocations
 20245 | D:15     | Entered Level 15 of the Dungeon
 20437 | D:15     | Found a radiant altar of Vehumet.
 20626 | D:15     | Found a staircase to the Depths.
 20774 | D:15     | Received a gift from Trog
 20927 | D:15     | Found a glowing silver altar of Zin.
 21075 | D:15     | Reached skill level 20 in Axes
 21135 | D:15     | Identified the granite talisman of the World {Will++}
 21135 | D:15     | Noticed Roxanne
 21450 | D:7      | Killed HourglassMan's ghost
 21525 | D:7      | Reached XP level 16. HP: 104/104 MP: 16/16
 21606 | D:8      | Killed GriffinBr's ghost
 21728 | Orc:1    | Entered Level 1 of the Orcish Mines
 22146 | Orc:2    | Entered Level 2 of the Orcish Mines
 22298 | Orc:2    | Found a staircase to the Elven Halls.
 22406 | Orc:2    | Demolished by an orc warlord

Illustrated notes

Levels and vault maps discovered:
D:1:      dpeg_arrival_tiny_f, layout_basic,
          shapermc_ecumenical_altar_acropolis, minmay_tall_x
D:2:      layout_basic, nicolae_the_louvre, uniq_robin
D:3:      layout_rooms
D:4:      layout_loops_corners, chequers_mini_garden
D:5:      minmay_goblin_kobold_castle, layout_basic, okawaru_ov_weapons_minmay,
          minmay_misc_feat_room, st_stairs_14, grunt_decor_mini_mirrors
D:6:      layout_cave_pools, minmay_small_thing, uniq_sigmund
D:7:      layout_basic, minmay_temple_entry_proselytizer, nzn_ghost_randoct,
          supply_closet_lemuel, serial_bayou_pond_a, mrwooster_statue_mirror
D:8:      layout_basic, chequers_temple_overflow_minitemple,
          kennysheep_vampire_church, gammafunk_ghost_arena, uniq_psyche
D:9:      layout_gridville, lemuel_zombie_altar_yredelemnul, erik_lair_island,
          uniq_harold
D:10:     layout_stronghold, gammafunk_temple_overflow_statue, orc_0_dummy,
          serial_shops, shop, nicolae_shop_dealshenge, nicolae_shop_clearance
D:11:     layout_roguey
D:12:     layout_layer_cave
D:13:     layout_irregular_city, hellmonk_vaults_order_and_chaos, serial_shops,
          bzr_entry_islet, uniq_urug
D:14:     layout_big_octagon, glass_columns_a, serial_bayou_lagoon_a,
          minmay_guarded_unrand_skullcrusher
D:15:     hangedman_depths_entry_civil_slaughter, layout_loops_corners,
          fiery_altar_vehumet, st_stairs_4, zin_scriptorium, uniq_roxanne
Lair:1:   layout_small_grid, grunt_megastairs_3, infiniplex_staircase_pool_2,
          uniq_amaemon
Lair:2:   layout_small_grid, minmay_shoals_entry_hut,
          chequers_serial_rivers_micro_a, uniq_nergalle, uniq_fannar
Lair:3:   layout_regular_city, spider_nest_entry_funnel_web,
          beast_lair_carwin_11
Lair:4:   layout_long_grid, nicolae_slime_entry_field_trip
Lair:5:   hangedman_lair_in_review, layout_regular_city,
          guppyfry_lair_end_dragon, lightli_volcano_entry_magma_tube
Orc:1:    layout_caves, basic_altar
Orc:2:    grunt_orc_cross, layout_caves, gauntlet_entry_generic,
          nicolae_orc_sculptors_studio, uniq_nessos

Skill      XL: |  1  2  3  4  5  6  7  8  9 10 11 12 13 14 15 |
---------------+----------------------------------------------+-----
Axes           | 3 4 5 6 7 8 10 11 12 14 15 16 19 20 | 20.0
Fighting       | 5 6 7 8 10 11 12 13 | 13.3
Evocations     | 2 3 4 6 |  6.5
Armour         | 6 7 8 10 11 12 13 | 13.3
Dodging        | 2 |  2.0

Action                     |  1- 3 |  4- 6 |  7- 9 | 10-12 | 13-15 | 16-18 || total
---------------------------+-------+-------+-------+-------+-------+-------++-------
  Melee: Hand axe          |   109 |   113 |   354 |       |       |       ||   576
         Punch             |       |     1 |     7 |     4 |       |       ||    12
         War axe           |       |       |   119 |   520 |       |       ||   639
         Battleaxe         |       |       |       |    79 |   695 |   102 ||   876
  Throw: Dart              |       |     3 |     6 |       |       |       ||     9
         Throwing net      |       |       |     2 |       |       |       ||     2
 Invoke: Berserk           |     1 |     2 |     5 |     7 |     1 |       ||    16
         Trog's Hand       |       |       |     2 |     1 |     2 |       ||     5
         Brothers in Arms  |       |       |       |     1 |       |       ||     1
  Evoke: Wand              |       |     2 |     2 |     1 |       |       ||     5
    Use: Scroll            |       |     5 |     3 |     7 |    11 |     1 ||    27
 Armour: Animal skin       |    28 |       |       |       |       |       ||    28
         Ring mail         |    28 |    64 |   125 |       |       |       ||   217
         Scale mail        |       |       |   178 |       |       |       ||   178
         Plate armour      |       |       |   141 |   569 |   711 |    61 ||  1482
  Dodge: Dodged            |    68 |    66 |   311 |   207 |   262 |    43 ||   957
